 Dungeon Crawl Stone Soup version 0.28-a0-445-g51f8dfeb47 (webtiles) character file.

Game seed: 12995539293423651064

57087 Mrsk the Earth Mage (level 14, -3/76 HPs)
             Began as a Gargoyle Earth Elementalist on Sept 4, 2021.
             Was the Champion of Cheibriados.
             Killed from afar by a hellephant (66 damage)
             ... with a blast of flame
             ... on level 2 of the Abyss on Sept 13, 2021.
             The game lasted 03:35:37 (29378 turns).

Mrsk the Earth Mage (Gargoyle Earth Elementalist)  Turns: 29378, Time: 03:35:38

Health: -3/76      AC: 29    Str: 31    XL:     14   Next: 84%
Magic:  29/33      EV: 11    Int: 36    God:    Cheibriados [******]
Gold:   1123       SH: 27    Dex: 25    Spells: 12/27 levels left

rFire   . . .      SeeInvis .   I - staff of earth
rCold   . . .      Faith    .   D - +3 tower shield {AC+3}
rNeg    + . .      Spirit   .   q - +2 troll leather armour {Snorg}
rPois   ∞          Reflect  +   i - +0 helmet
rElec   +          Harm     .   h - +2 cloak
rCorr   .          Rampage  .   N - +2 pair of gloves
Will    +....                   R - +0 pair of boots
Stlth   ++........              b - amulet of reflection
HPRegen 1.22/turn               f - ring of magical power
MPRegen 0.23/turn               w - ring "Feinwop" {Wiz rPois Str+4}

@: flying, very slow
A: sickness immunity, AC +10, big wings, negative energy resistance 1,
electricity resistance, torment resistance 1, petrification resistance
a: Renounce Religion, Bend Time, Temporal Distortion, Slouch, Step From Time


You were on level 2 of the Abyss.
You worshipped Cheibriados.
Cheibriados was exalted by your worship.
You visited 4 branches of the dungeon, and saw 20 of its levels.
You visited the Abyss 1 time.

You collected 1151 gold pieces.
You spent 28 gold pieces at shops.

Inventory:

Hand Weapons
 B - a +0 whip of freezing
 J - the +6 short sword "Giant's Death" {drain, *Slow rPois Int+3 Stlth+}
   (You found it on level 6 of the Dungeon)

   A truly terrible weapon, it drains the life of any living foe it strikes.
   Int:       It affects your intelligence (+3).
   rPois:     It protects you from poison.
   *Slow:     It may slow you when you take damage.
   Stlth:     It makes you more stealthy.
Missiles
 c - 240 stones
 s - 37 poisoned darts
 z - 2 curare-tipped darts
 Y - 18 boomerangs
 Z - 6 javelins
Armour
 h - a +2 cloak (worn)
 i - a +0 helmet (worn)
 q - a +2 troll leather armour (worn) {Snorg}
 u - a scarf of harm
 D - a +3 tower shield of protection (worn)
 N - a +2 pair of gloves (worn)
 R - a +0 pair of boots (worn)
Magical Staves
 I - a staff of earth (weapon)
Jewellery
 b - an amulet of reflection (around neck)
 f - a ring of magical power (left hand)
 m - a ring of fire
 v - a ring of resist corrosion
 w - the ring "Feinwop" (right hand) {Wiz rPois Str+4}
   (You found it on level 3 of the Lair of Beasts)

   [ring of wizardry]

   It improves your spell success rate.
   Str:       It affects your strength (+4).
   rPois:     It protects you from poison.
 y - a ring of protection from fire
 S - a +6 ring of intelligence
Wands
 p - a wand of polymorph (17)
 E - a wand of mindburst (28)
 H - a wand of digging (6)
 K - a wand of iceblast (19)
 U - a wand of charming (5)
 V - a wand of flame (35)
 X - a wand of acid (4)
Scrolls
 a - 2 scrolls of amnesia
 j - 2 scrolls of teleportation
 k - 2 scrolls of torment
 L - 2 scrolls of holy word
 O - a scroll of magic mapping
 P - a scroll of summoning {unknown}
 Q - a scroll of fog
 T - 2 scrolls of fear
 W - a scroll of acquirement {unknown}
Potions
 d - a potion of magic
 e - a potion of resistance
 g - a potion of berserk rage {unknown}
 l - 3 potions of curing
 n - a potion of brilliance {unknown}
 o - 4 potions of mutation
 r - a potion of ambrosia {unknown}
 t - 4 potions of lignification {unknown}
 x - 4 potions of attraction {unknown}
 A - 7 potions of heal wounds {unknown}
 F - a potion of haste {unknown}
 G - a potion of cancellation {unknown}
 M - 2 potions of might


   Skills:
 + Level 4.5 Fighting
 - Level 1.0(1.1) Maces & Flails
 - Level 0.3(0.8) Staves
 - Level 0.1 Throwing
 + Level 6.7 Armour
 - Level 4.0 Dodging
 - Level 2.1 Stealth
 + Level 9.0 Shields
 - Level 7.0 Spellcasting
 + Level 13.6 Conjurations
 - Level 2.0 Necromancy
 - Level 3.0 Transmutations
 + Level 18.1 Earth Magic
 * Level 5.3 Invocations


You had 12 spell levels left.
You knew the following spells:

 Your Spells              Type           Power      Damage    Failure   Level
a - Sandblast             Erth           100%       2d20      0%          1
b - Stone Arrow           Conj/Erth      100%       3d13      1%          3
c - Petrify               Tmut/Erth      93%        N/A       1%          4
d - Passwall              Tmut/Erth      77%        N/A       1%          2
e - Borgnjor's Vile Clut  Necr/Erth      45%        N/A       4%          5

Your spell library contained the following spells:

 Spells                   Type           Power      Damage    Failure   Level
 Conjure Flame            Conj/Fire      58%        6-21      1%          3
 Leda's Liquefaction      Hex/Erth       43%        N/A       2%          4
 Hailstorm                Conj/Ice       58%        3d13      6%          4
 Sticky Flame             Conj/Fire      58%        2d7       6%          4
 Freeze                   Ice            48%        1d7       11%         1
 Blink                    Tloc           N/A        N/A       16%         2
 Ignite Poison            Fire/Tmut/Pois 19%        N/A       21%         3
 Call Canine Familiar     Summ           12%        N/A       32%         3
 Frozen Ramparts          Ice            24%        1d4       32%         3
 Lesser Beckoning         Tloc           12%        N/A       32%         3
 Ozocubu's Armour         Ice            12%        N/A       32%         3
 Portal Projectile        Hex/Tloc       24%        N/A       32%         3
 Animate Dead             Necr           13%        N/A       41%         4
 Passage of Golubria      Tloc           N/A        N/A       69%         4
 Manifold Assault         Tloc           12%        N/A       95%         5
 Metabolic Englaciation   Hex/Ice        6%         N/A       95%         5
 Death Channel            Necr           13%        N/A       99%         6
 Shatter                  Erth           60%        3d45*     99%         9
 Simulacrum               Ice/Necr       9%         N/A       100%        6
 Storm Form               Tmut/Air       11%        N/A       100%        7
 Chain Lightning          Conj/Air       29%        3d38      100%        9
 Fire Storm               Conj/Fire      29%        8d7       100%        9


Dungeon Overview and Level Annotations

Branches:
Dungeon (13/15)            Temple (1/1) D:7            Lair (5/6) D:11
  Swamp (0/4) Lair:3       Spider (0/4) Lair:2          Orc (1/2) D:10
  Slime: Lair:5-6    Vaults: D:13-14

Altars:
Ashenzari
Cheibriados
Dithmenos
Elyvilon
Fedhas
Gozag
Hepliaklqana
Kikubaaqudgha
Makhleb
Nemelex Xobeh
Okawaru
Ru
Sif Muna
Trog
Uskayaw
Vehumet
Wu Jian
Xom
Yredelemnul
The Shining One

Shops:
D:2 [   D:8 *

Annotations:
D:10 3 runed translucent doors, Devinter's ghost, novice DgCj
D:12 1 runed translucent door, gasolineJoe's ghost, journeyman MiBe


Innate Abilities, Weirdness & Mutations

You are immune to sickness and miasma.
Your stone body is resilient. (AC +10)
You are immune to poison.
Your large and strong wings let you fly.
You resist negative energy. (rN+)
You are resistant to electric shocks. (rElec)
You are resistant to unholy torment.
You are immune to petrification.


Message History

You block the small abomination's attack. x2
The smoke demon completely misses you. The smoke demon closely misses you.
The smoke demon hits you but does no damage.
The ancient zyme barely misses you. x2; You block the neqoxec's attack.
You block the small abomination's attack.
The smoke demon gestures at you. The ball of steam hits you.
As you open the door, it creaks loudly!
You are engulfed in a cloud of scalding steam.
You block the ancient zyme's attack. The ancient zyme hits you!
You block the small abomination's attack.
You block the neqoxec's attack. You block the smoke demon's attack.
The smoke demon closely misses you.
The smoke demon hits you but does no damage.
The small abomination is engulfed in a cloud of scalding steam.
You block the small abomination's attack.
You block the smoke demon's attack. x3; The ancient zyme closely misses you.
The ancient zyme hits you but does no damage.
The smoke demon hits you but does no damage.
The smoke demon hits you. The smoke demon barely misses you.
The small abomination is engulfed in a cloud of scalding steam.
The small abomination hits you!
There is an open door here.
A wretched star comes into view.
The hellephant is engulfed in a cloud of scalding steam.
The hellephant blinks!
The ancient zyme is engulfed in a cloud of scalding steam.
The ancient zyme barely misses you. You block the ancient zyme's attack.
You block the hellephant's attack. The hellephant misses you. x2
The wretched star moves out of view.
You step out of the flow of time.
You return to the normal time flow.
The hellephant trumpets!
The hellephant breathes flames at you. The blast of flame hits you!
An ufetubus comes into view.
You block the hellephant's attack. x3
The hellephant breathes flames at you. The blast of flame hits you!!!
Ouch! That really hurt!
You die...

#..#
##..#
#...#
##.##
...#
##.## #Y#
#.#.##
#..@#
#.......#
#.#######
#.# ...
..# ..


You could see a hellephant (catching breath).

Vanquished Creatures
  Snorg (Lair:5)
  2 boulder beetles
  4 hydras
  2 centaur warriors
  3 two-headed ogres
  7 death yaks
  Urug (D:11)
  A tengu warrior (D:12)
  A glowing orange brain (D:13)
  A wizard (D:13)
  Pikel (D:5)
  2 bog bodies (Lair:3)
  An orb spider (Lair:2)
  An oklob plant (Lair:4)
  An orc sorcerer (Orc:1)
  3 ugly things
  5 cyclopes
  4 black mambas
  Maurice (D:8)
  9 elephants
  5 torpor snails
  5 gargoyles
  6 cane toads
  2 unseen horrors
  5 komodo dragons
  5 trolls
  9 meliai
  2 polar bears
  6 blink frogs
  Grinder (D:3)
  A hornet (D:8)
  5 slime creatures (D:12)
  A wraith (D:12)
  A shadow (D:12)
  Eustachio (D:5)
  Sigmund (D:5)
  41 yaks
  A wyvern (Lair:3)
  13 humans (D:13)
  5 basilisks
  14 vampire mosquitoes
  2 swamp worms (Lair:3)
  4 acid dragons
  Duvessa (D:4)
  11 water moccasins
  2 black bears
  2 ice beasts
  9 orc warriors
  A sky beast (D:6)
  2 necrophages
  5 ogres
  19 wolves
  4 centaurs
  A lemure (D:5)
  9 bullfrogs
  A wyvern zombie (D:6)
  Dowan (D:4)
  2 gnoll sergeants
  A scorpion (D:5)
  16 killer bees
  4 wights (D:6)
  3 howler monkeys (D:12)
  2 electric eels
  3 centaur zombies
  3 starcursed masses (Abyss:2)
  2 bullfrog zombies
  3 hounds
  6 orc priests
  A bullfrog skeleton (D:6)
  Jessica (D:3)
  Ijyb (D:5)
  4 iguanas
  9 orc wizards
  A killer bee zombie (D:7)
  2 howler monkey zombies
  Robin (D:2)
  13 gnolls
  6 adders
  2 shadow imps
  An ufetubus (D:6)
  4 worms
  2 dart slugs
  55 orcs
  2 ball pythons
  7 endoplasms
  4 giant cockroaches
  8 hobgoblins
  7 jackals
  2 kobolds
  6 quokkas
  2 bats
  2 frilled lizards
  13 goblins
  A rat (D:3)
  A bush (Lair:4)
458 creatures vanquished.

Vanquished Creatures (others)
  An orc (D:10)
  14 bushes
  18 fungi
  32 plants
65 creatures vanquished.

Grand Total: 523 creatures vanquished

Notes
Turn   | Place    | Note
-------+----------+-------------------------------------------
     0 | D:1      | Mrsk the Gargoyle Earth Elementalist began the quest for
                  | the Orb.
     0 | D:1      | Reached XP level 1. HP: 10/10 MP: 3/3
     6 | D:1      | Noticed a killer bee
     6 | D:1      | Noticed a water moccasin
     6 | D:1      | Noticed a wyvern
     7 | D:1      | Noticed a hog
   452 | D:1      | Reached skill level 4 in Earth Magic
   452 | D:1      | Reached XP level 2. HP: 15/15 MP: 1/5
  1134 | D:2      | Found Cuih Yjyss's Antique Armour Boutique.
  1661 | D:2      | Upgraded the game from 0.28-a0-397-g1a7b1a870f to
                  | 0.28-a0-429-g1448048969
  1663 | D:2      | Noticed Robin
  1779 | D:2      | Reached XP level 3. HP: 18/19 MP: 6/6
  1996 | D:2      | Killed Robin
  1997 | D:2      | Reached skill level 5 in Earth Magic
  2052 | D:2      | Reached XP level 4. HP: 7/24 MP: 7/7
  2304 | D:2      | Learned a level 3 spell: Stone Arrow
  2777 | D:3      | Noticed Jessica
  2779 | D:3      | Killed Jessica
  2784 | D:3      | Reached XP level 5. HP: 28/28 MP: 8/8
  2891 | D:3      | Reached skill level 1 in Maces & Flails
  2954 | D:3      | Reached skill level 1 in Fighting
  2954 | D:3      | Reached skill level 6 in Earth Magic
  3524 | D:3      | Noticed Grinder
  3528 | D:3      | Paralysed by Grinder for 3 turns
  3657 | D:3      | Killed Grinder
  3658 | D:3      | Reached skill level 7 in Earth Magic
  3658 | D:3      | Reached XP level 6. HP: 27/34 MP: 9/9
  3945 | D:4      | Upgraded the game from 0.28-a0-429-g1448048969 to
                  | 0.28-a0-445-g51f8dfeb47
  4149 | D:4      | Reached skill level 8 in Earth Magic
  4240 | D:4      | Reached XP level 7. HP: 38/38 MP: 10/10
  4525 | D:4      | Noticed Duvessa
  4536 | D:4      | Noticed Dowan
  4537 | D:4      | Killed Duvessa
  4538 | D:4      | Reached skill level 9 in Earth Magic
  4802 | D:4      | Killed Dowan
  5195 | D:5      | Entered Level 5 of the Dungeon
  5281 | D:5      | Noticed Ijyb
  5286 | D:5      | Killed Ijyb
  5568 | D:5      | Noticed Pikel
  5581 | D:5      | Killed Pikel
  5582 | D:5      | Reached skill level 10 in Earth Magic
  5582 | D:5      | Reached XP level 8. HP: 38/44 MP: 0/11
  5818 | D:5      | Reached skill level 11 in Earth Magic
  6222 | D:5      | Noticed Eustachio
  6242 | D:5      | Killed Eustachio
  6243 | D:5      | Reached XP level 9. HP: 48/48 MP: 8/12
  6340 | D:5      | Noticed Sigmund
  6345 | D:5      | Killed Sigmund
  6346 | D:5      | Reached skill level 12 in Earth Magic
  7174 | D:6      | Learned a level 4 spell: Petrify
  7301 | D:6      | Identified the +6 short sword "Giant's Death" {drain, *Slow
                  | rPois Int+3 Stlth+}
  7404 | D:6      | Reached skill level 1 in Transmutations
  7884 | D:7      | Reached skill level 5 in Conjurations
  8209 | D:7      | Reached skill level 13 in Earth Magic
  8244 | D:7      | Found a staircase to the Ecumenical Temple.
  8273 | Temple   | Entered the Ecumenical Temple
  8319 | Temple   | Became a worshipper of Cheibriados the Contemplative
  8367 | D:7      | Reached XP level 10. HP: 19/54 MP: 1/13
  9132 | D:8      | Reached * piety under Cheibriados
  9221 | D:8      | Found Caithrufo's CLEARANCE SALE!.
  9229 | D:8      | Bought a potion of might for 16 gold pieces
  9229 | D:8      | Bought 13 stones for 5 gold pieces
  9229 | D:8      | Bought 19 stones for 7 gold pieces
  9732 | D:8      | Noticed a two-headed ogre
  9737 | D:8      | Killed a two-headed ogre
  9806 | D:8      | Noticed Maurice
  9813 | D:8      | Killed Maurice
  9814 | D:8      | Reached skill level 1 in Shields
  9814 | D:8      | Reached skill level 14 in Earth Magic
 10144 | D:8      | Learned a level 2 spell: Passwall
 10539 | D:9      | Reached ** piety under Cheibriados
 11133 | D:10     | Entered Level 10 of the Dungeon
 11412 | D:10     | Noticed Devinter's ghost (novice DgCj)
 11451 | D:10     | Noticed a gargoyle
 11452 | D:10     | Killed a gargoyle
 11478 | D:10     | Found a blossoming altar of Fedhas.
 11479 | D:10     | Noticed a two-headed ogre
 11484 | D:10     | Killed a two-headed ogre
 11485 | D:10     | Reached skill level 1 in Armour
 11485 | D:10     | Reached XP level 11. HP: 59/59 MP: 10/14
 11558 | D:10     | Found an ancient bone altar of Kikubaaqudgha.
 11564 | D:10     | Found a white marble altar of Elyvilon.
 11575 | D:10     | Found a hide-covered altar of Uskayaw.
 11582 | D:10     | Found a sacrificial altar of Ru.
 11587 | D:10     | Found an ornate altar of the Wu Jian Council.
 11600 | D:10     | Found a radiant altar of Vehumet.
 12104 | D:10     | Noticed a two-headed ogre
 12261 | D:9      | Killed a two-headed ogre
 12435 | D:10     | Found a runed translucent gate.
 12435 | D:10     | Found a runed translucent gate.
 12435 | D:10     | Found a runed translucent gate.
 12442 | D:10     | Reached skill level 15 in Earth Magic
 12613 | D:10     | Reached *** piety under Cheibriados
 13128 | D:10     | Found a staircase to the Orcish Mines.
 13177 | D:10     | You fall into a shaft and drop 3 floors!
 13272 | D:13     | Noticed a boulder beetle
 13669 | Orc:1    | Entered Level 1 of the Orcish Mines
 13783 | Orc:1    | Reached **** piety under Cheibriados
 13942 | Orc:1    | Noticed an orc sorcerer
 13946 | Orc:1    | Killed an orc sorcerer
 14326 | Orc:1    | Noticed a cyclops
 14328 | Orc:1    | Killed a cyclops
 14577 | D:11     | Noticed a cyclops
 14732 | D:11     | Killed a cyclops
 15060 | D:11     | Noticed Urug
 15071 | D:11     | Killed Urug
 15072 | D:11     | Reached skill level 10 in Conjurations
 15429 | D:11     | Reached XP level 12. HP: 52/64 MP: 17/17
 15431 | D:11     | Reached skill level 16 in Earth Magic
 15490 | D:11     | Learned a level 5 spell: Borgnjor's Vile Clutch
 15533 | D:11     | Found a staircase to the Lair.
 16128 | D:11     | Identified the +5 long sword of the Wasteland {speed,
                  | Int+2}
 16144 | D:11     | Reached skill level 1 in Necromancy
 16298 | Lair:1   | Entered Level 1 of the Lair of Beasts
 17079 | Lair:1   | Reached ***** piety under Cheibriados
 17548 | Lair:2   | Found a hole to the Spider Nest.
 18306 | Lair:2   | Reached skill level 5 in Armour
 18387 | Lair:3   | Noticed a seven-headed hydra
 18459 | Lair:2   | Killed a seven-headed hydra
 18619 | Lair:3   | Reached skill level 17 in Earth Magic
 18878 | Lair:3   | Found a snail-covered altar of Cheibriados.
 19223 | Lair:3   | Reached XP level 13. HP: 68/68 MP: 19/19
 19614 | Lair:3   | Found a staircase to the Swamp.
 20357 | Lair:3   | Identified the ring "Feinwop" {Wiz rPois Str+4}
 20872 | Lair:4   | Identified the +7 tower shield of Muef {Rampage Str+2}
 20926 | Lair:3   | Reached skill level 5 in Shields
 21867 | Lair:4   | Reached ****** piety under Cheibriados
 21979 | Lair:4   | Reached skill level 18 in Earth Magic
 22420 | Lair:4   | Reached skill level 1 in Invocations
 23351 | Lair:4   | Got Xanush's Compendium of the Voyage
 24254 | Lair:5   | Gained mutation: Your large and strong wings let you fly.
                  | [Gargoyle growth]
 24254 | Lair:5   | Reached XP level 14. HP: 72/76 MP: 9/20
 25182 | Lair:5   | Noticed Snorg
 25191 | Lair:5   | Killed Snorg
 25418 | Lair:5   | Reached skill level 5 in Spellcasting
 26969 | D:12     | Found a runed translucent door.
 26973 | D:12     | Noticed gasolineJoe's ghost (journeyman MiBe)
 28113 | D:13     | Reached skill level 5 in Invocations
 29111 | D:13     | Cast into level 2 of the Abyss (a wizard)
 29156 | Abyss:2  | Found a corrupted altar of Lugonu.
 29163 | Abyss:2  | Noticed a starcursed mass
 29173 | Abyss:2  | Paralysed by accursed screaming for 2 turns
 29190 | Abyss:2  | Paralysed by accursed screaming for 1 turns
 29249 | Abyss:2  | Found a corrupted altar of Lugonu.
 29340 | Abyss:2  | Noticed a hellephant
 29378 | Abyss:2  | Killed from afar by a hellephant

Illustrated notes

Levels and vault maps discovered:
D:1:      onia_arrival_zoo_common, layout_basic
D:2:      layout_rooms, serial_shops, shop, uniq_robin
D:3:      layout_loops_ring, serial_rivers, chequers_serial_rivers_micro_a,
          chequers_serial_rivers_room_a, chequers_serial_rivers_large_b,
          chequers_serial_rivers_small_3, chequers_serial_rivers_micro_b,
          uniq_grinder, uniq_jessica
D:4:      layout_basic, uniq_duvessa
D:5:      layout_basic, uniq_sigmund, uniq_ijyb, uniq_eustachio, uniq_pikel
D:6:      layout_basic
D:7:      layout_basic, minmay_temple_entry_statues_fountains
D:8:      layout_rooms, nicolae_shop_clearance, uniq_maurice
D:9:      layout_rooms
D:10:     layout_roguey, grunt_temple_overflow_octagram, hiddenorc2_lemuel,
          gammafunk_ghost_icy
D:11:     layout_basic, lair_entry_dummy, uniq_urug
D:12:     layout_rooms, ebering_ghost_inner_flame, columned_hall_lemuel
D:13:     hangedman_arrow_trap, layout_layer_cave, grunt_vaults_entry_tiered
Temple:   regret_index_temple_waves
Lair:1:   layout_layer_cave
Lair:2:   layout_regular_city, nicolae_spider_entry_orb_guardian,
          hibernation_bobbens
Lair:3:   layout_cave_pods, nicolae_swamp_entry_splash_gauntlet,
          kennysheep_snail_temple, grunt_megastairs_4
Lair:4:   layout_roguey, minmay_hedge_maze, minmay_lair_oklob_items,
          serial_bayou_lagoon_a, beast_lair_carwin_7, lemuel_fruit_tree
Lair:5:   layout_roguey, grunt_forest_large_clearing_hut, serial_bayou_shore_b,
          uniq_snorg
Orc:1:    layout_diamond_mine, uniq_erolcha
Abyss:2:  base: D:6, evilmike_abyss_exit_15, evilmike_abyss_exit_15,
          hangedman_abyss_sting, hangedman_abyss_sting

Skill      XL: |  1  2  3  4  5  6  7  8  9 10 11 12 13 14 |
---------------+-------------------------------------------+-----
Earth Magic    | 4 5 7 8 10 11 13 14 15 17 18 | 18.1
Dodging        | 2 3 4 |  4.0
Maces & Flails | 1 |  1.0
Fighting       | 1 2 3 4 |  4.5
Conjurations   | 2 3 5 8 10 11 13 | 13.6
Transmutations | 2 3 |  3.0
Shields        | 1 3 4 6 9 |  9.0
Armour         | 1 3 5 6 |  6.7
Spellcasting   | 3 4 7 |  7.0
Necromancy     | 2 |  2.0
Invocations    | 2 5 |  5.3
Staves         | |  0.3
Throwing       | |  0.1
Stealth        | |  2.1

Action                   |  1- 3 |  4- 6 |  7- 9 | 10-12 | 13-15 || total
-------------------------+-------+-------+-------+-------+-------++-------
Melee: Whip              |    28 |    63 |     2 |     4 |    21 ||   118
       Staff             |       |       |     2 |     4 |     5 ||    11
Throw: Dart              |       |       |       |     7 |     2 ||     9
       Boomerang         |       |       |       |     5 |     2 ||     7
 Cast: Sandblast         |    35 |    63 |     6 |    33 |   158 ||   295
       Stone Arrow       |       |       |   101 |   287 |   272 ||   660
       Petrify           |       |       |       |    10 |     4 ||    14
       Passwall          |       |       |       |     1 |     4 ||     5
Invok: Bend Time         |       |       |       |       |     4 ||     4
       Step From Time    |       |       |       |       |     1 ||     1
       Temporal Distorti |       |       |       |       |     1 ||     1
  Use: Scroll            |     3 |     5 |     3 |    12 |    10 ||    33
       Potion            |       |       |       |       |     6 ||     6
 Stab: Distracted        |     1 |       |       |       |       ||     1
       Sleeping          |       |     1 |       |       |       ||     1
Armor: Robe              |    16 |    27 |     9 |     6 |       ||    58
       Leather armour    |       |       |       |    49 |    50 ||    99
       Troll leather arm |       |       |       |       |   102 ||   102
Dodge: Dodged            |    29 |    43 |    21 |    70 |   102 ||   265
Block: Other             |       |       |     7 |     9 |       ||    16
       Reflection        |       |       |     1 |     7 |    10 ||    18
       Buckler           |       |       |       |    85 |     6 ||    91
       Tower shield      |       |       |       |       |   539 ||   539

Table legend: (Time is in decaauts)
 A = Elapsed time spent in this place.
 B = Non-inter-level travel time spent in this place.
 C = Inter-level travel time spent in this place.
 D = Time resting spent in this place.
 E = Time spent auto-exploring this place.
 F = Levels seen in this place.
 G = Mean time per level.
                   A        B        C        D        E       F      G
               +--------+--------+--------+--------+--------+-----+--------+
         Total |  37463 |  36582 |    881 |  13442 |   3137 |  21 | 1784.0 |
       Dungeon |  21594 |  21221 |    373 |   8322 |   1513 |  13 | 1661.1 |
        Temple |     80 |     80 |      0 |      0 |      0 |   1 |   80.0 |
          Lair |  14266 |  13758 |    508 |   4864 |   1559 |   5 | 2853.2 |
  Orcish Mines |   1070 |   1070 |      0 |    208 |     64 |   1 | 1070.0 |
         Abyss |    450 |    450 |      0 |     47 |      0 |   1 |  450.0 |
               +--------+--------+--------+--------+--------+-----+--------+

Top non-repeatable levels by time:
  Lair:3: 4179 daAuts
  Lair:4: 3733 daAuts
    D:10: 3204 daAuts
    D:13: 3016 daAuts
  Lair:2: 2392 daAuts
  Lair:5: 2320 daAuts
    D:11: 2124 daAuts
     D:1: 1948 daAuts
     D:8: 1724 daAuts
  Lair:1: 1642 daAuts
     D:3: 1451 daAuts
     D:6: 1410 daAuts
    D:12: 1398 daAuts
     D:4: 1344 daAuts
     D:7: 1236 daAuts
